 Dungeon Crawl Stone Soup version 0.31.0-1-g2c135a0 (webtiles) character file.

Game seed: 18360934258022406411

835 jagoly the Chopper (level 7, 0/45 HPs)
             Began as a Gargoyle Monk on Feb 1, 2024.
             Was a Believer of the Shining One.
             Slain by an ogre
             ... wielding a +0 giant spiked club
              (18 damage)
             ... on level 6 of the Dungeon.
             The game lasted 00:11:36 (2044 turns).

jagoly the Chopper (Gargoyle Monk)                  Turns: 2044, Time: 00:11:36

Health: 0/45       AC: 14    Str: 16    XL:     7   Next: 99%
Magic:  7/7        EV:  8    Int: 11    God:    the Shining One [**....]
Gold:   173        SH:  0    Dex: 12    Spells: 6/6 levels left

rFire   . . .        a - +0 hand axe
rCold   . . .        d - orb {light}
rNeg    + + .        q - +0 chain mail
rPois   ∞            (no helmet)
rElec   +            (no cloak)
rCorr   .            (no gloves)
SInv    .            (no boots)
Will    .....        (no amulet) Stlth
                     (no ring)
HPRegen 0.27/turn    (no ring)
MPRegen 0.10/turn

%: no passive effects
@: confused, ambrosia-drunk, glowing
A: sickness immunity, AC +4, negative energy resistance 1, electricity
resistance, torment resistance 1, petrification resistance
a: Renounce Religion, Divine Shield


You were on level 6 of the Dungeon.
You worshipped the Shining One.
The Shining One was pleased with you.
You visited 2 branches of the dungeon, and saw 7 of its levels.

You collected 173 gold pieces.

Inventory:

Hand Weapons
 a - a +0 hand axe (weapon)
Missiles
 i - 26 stones (quivered)
 n - 5 poisoned darts
Armour
 b - a +0 robe
 d - an orb of light (worn)
 h - a +0 scale mail
 q - a +0 chain mail (worn)
Magical Staves
 f - a staff of fire
Scrolls
 g - 3 scrolls of teleportation {unknown}
 k - 2 scrolls of immolation {unknown}
 l - a scroll of identify {unknown}
 r - a scroll of vulnerability {unknown}
 s - a scroll of brand weapon {unknown}
Potions
 e - 2 potions of lignification {unknown}
 j - a potion of haste {unknown}
 m - a potion of heal wounds {unknown}
 o - a potion of brilliance {unknown}
 p - a potion of curing {unknown}


   Skills:
 + Level 5.7 Fighting
 * Level 6.0 Axes
 + Level 4.3 Armour
 - Level 3.0 Dodging


You had 6 spell levels left.
You didn't know any spells.
Your spell library contained the following spells:

 Spells                   Type           Power      Damage    Failure   Level
 Summon Blazeheart Golem  Fire/Summ      0%         N/A       100%        4
 Orb of Destruction       Conj           0%         9d5       100%        7
 Spellforged Servitor     Conj/Summ      0%         N/A       100%        7


Dungeon Overview and Level Annotations

Branches:
Dungeon (6/15) Zot: 26696  Temple (1/1) D:4 Zot: 5963

Altars:
Ashenzari
Dithmenos
Gozag
Hepliaklqana
Nemelex Xobeh
Okawaru
Qazlal
Ru
Sif Muna
Trog
Uskayaw
Wu Jian
Xom
Zin
The Shining One

Shops:
D:4 (   D:5 [

Annotations:
Temple 2 transporters


Innate Abilities, Weirdness & Mutations

You are immune to sickness and miasma.
Your stone body is resilient. (AC +4)
You are immune to poison.
You resist negative energy. (rN+)
You are resistant to electric shocks. (rElec)
You are resistant to unholy torment.
You are immune to petrification.


Message History

The ice beast is lightly wounded.
The ice beast hits you but does no damage.
You completely miss the ice beast.
The ice beast is lightly wounded.
The ice beast barely misses you.
You hit the ice beast.
The ice beast is moderately wounded.
The ice beast closely misses you.
You hit the ice beast but do no damage.
The ice beast is moderately wounded.
The ice beast closely misses you.
You barely miss the ice beast.
The ice beast is moderately wounded.
The ice beast hits you but does no damage.
You hit the ice beast.
The ice beast is moderately wounded.
The ice beast hits you. The ice beast freezes you!
You hit the ice beast.
The ice beast is heavily wounded.
The ice beast barely misses you.
You hit the ice beast.
The ice beast is heavily wounded.
The ice beast hits you but does no damage.
You hit the ice beast but do no damage.
The ice beast is heavily wounded.
The ice beast hits you but does no damage.
You barely miss the ice beast.
The ice beast is heavily wounded.
The ice beast hits you. The ice beast freezes you!
* * * LOW HITPOINT WARNING * * *
You are too injured to fight recklessly!
You are too injured to fight recklessly!
You slash the ice beast!
The ice beast is severely wounded.
The ice beast hits you but does no damage.
You hit the ice beast but do no damage.
The ice beast is severely wounded.
The ice beast barely misses you.
You hit the ice beast.
The ice beast is severely wounded.
The ice beast hits you but does no damage.
You slash the ice beast!
You kill the ice beast!
Your Armour skill increases to level 4!
Found an escape hatch in the ceiling.
Found 9 gold pieces.
You now have 126 gold pieces (gained 9).
Found a fuming inky potion.
A jelly comes into view.
The jelly quivers.
You hit the jelly.
Your hands burn!
The jelly is moderately wounded.
The jelly barely misses you.
You hit the jelly.
Your hands burn!
The jelly is moderately wounded.
The jelly closely misses you.
You hit the jelly but do no damage.
Your hands burn!
* * * LOW HITPOINT WARNING * * *
The jelly is moderately wounded.
The jelly closely misses you. The jelly hits you but does no damage.
You hit the jelly.
Your hands burn!
* * * LOW HITPOINT WARNING * * *
The jelly is heavily wounded.
The jelly barely misses you.
You slash the jelly!
Your hands burn!
* * * LOW HITPOINT WARNING * * *
The jelly is almost dead.
The jelly closely misses you.
You aren't carrying any items that you can evoke.
You hit the jelly.
You kill the jelly!
o - a fuming inky potion A shadow imp comes into view.
Found 6 stones.
The shadow imp closely misses you.
You hit the shadow imp.
The shadow imp is moderately wounded.
The shadow imp closely misses you.
You barely miss the shadow imp.
The shadow imp is moderately wounded.
The shadow imp barely misses you.
You hit the shadow imp.
The shadow imp is severely wounded.
The shadow imp hits you but does no damage.
You barely miss the shadow imp.
The shadow imp is severely wounded.
The shadow imp puffs mist at you.
The shadow imp hits you but does no damage.
You hit the shadow imp but do no damage.
The shadow imp is severely wounded.
The shadow imp hits you but does no damage.
You hit the shadow imp but do no damage.
The shadow imp is severely wounded.
The shadow imp hits you but does no damage.
You hit the shadow imp but do no damage.
The shadow imp is severely wounded.
The shadow imp barely misses you.
You hit the shadow imp.
You kill the shadow imp!
The Shining One accepts your kill.
i - 23 stones (gained 6)
Found a ring mail.
Found Elussese's Antique Armour Emporium.
An adder comes into view.
You closely miss the adder. The adder barely misses you.
You slash the adder!
The adder is severely wounded.
The adder bites you. The adder barely misses you.
You slash the adder!
You kill the adder!
Found a stone staircase leading down.
You see here an adder corpse.
There is an entrance to Elussese's Antique Armour Emporium here.
You can access your shopping list by pressing '$'.
There is a stone staircase leading down here.
You climb downwards.
There is a stone staircase leading up here.
You can't go down here!
You can't go down here!
You climb upwards.
There is a stone staircase leading down here.
There is a stone staircase leading down here.
You climb downwards.
There is a stone staircase leading up here.
A dart slug comes into view.
The dart slug launches a dart at you.
The slug dart hits you but does no damage.
A dart slug comes into view. 2 dart slugs and an electric eel come into view.
Found a scroll labelled QUWAIK YTHALE.
The dart slug bites you but does no damage.
You closely miss the electric eel. You hit the dart slug but do no damage.
The dart slug bites you but does no damage.
You hit the electric eel.
The electric eel is moderately wounded.
You hit the dart slug.
The electric eel shoots out a bolt of lightning at you!
The bolt of electricity hits you but does no damage.
You resist. The dart slug launches a dart at you. The slug dart misses you.
You hit the electric eel.
The electric eel is severely wounded.
You hit the dart slug. The dart slug misses you.
The electric eel shoots out a bolt of lightning at you!
The bolt of electricity hits you. You resist.
You hit the electric eel.
You kill the electric eel!
You hit the dart slug. The dart slug launches a dart at you.
The slug dart hits you but does no damage.
The dart slug launches a dart at you.
The slug dart hits you but does no damage.
You hit the dart slug.
The dart slug is almost dead.
The dart slug barely misses you.
You hit the dart slug.
You kill the dart slug!
The dart slug launches a dart at you.
The slug dart hits you but does no damage.
You hit the dart slug.
The dart slug is moderately wounded.
The dart slug launches a dart at you.
The slug dart hits you but does no damage.
You hit the dart slug but do no damage.
The dart slug is moderately wounded.
The dart slug closely misses you. The dart slug launches a dart at you.
The slug dart misses you.
You hit the dart slug.
The dart slug is heavily wounded.
The dart slug launches a dart at you. The slug dart misses you.
You slash the dart slug!
You kill the dart slug!
You hit the dart slug. You slash the dart slug!
You kill the dart slug!
The dart slug launches a dart at you. The slug dart hits you.
No reachable target in view!
No reachable target in view!
No reachable target in view!
You enter the shallow water.
Moving in this stuff is going to be slow.
Found a sapphire ring and 3 stones.
You see here a dart slug corpse.
Found 13 gold pieces.
Found a stone staircase leading up.
An adder comes into view.
Found 17 gold pieces and a smoky green potion.
The adder hisses angrily.
The dart slug launches a dart at you. The slug dart hits you.
Your unstable footing causes you to fumble your attack.
The adder closely misses you.
A dart slug comes into view.
The dart slug launches a dart at you. The slug dart misses you.
The adder bites you.
Your unstable footing causes you to fumble your attack.
The adder misses you.
Your unstable footing causes you to fumble your attack.
The adder closely misses you. The dart slug launches a dart at you.
The slug dart hits you but does no damage.
Your unstable footing causes you to fumble your attack.
The adder barely misses you. The adder bites you.
You slash the adder!
The adder is almost dead.
The adder bites you but does no damage.
Your unstable footing causes you to fumble your attack.
The adder bites you.
You hit the adder.
You kill the adder!
The dart slug launches a dart at you.
The slug dart hits you but does no damage.
The dart slug briefly extends its eye-stalks.
The dart slug launches a dart at you.
The slug dart hits you but does no damage.
An electric eel comes into view.
The dart slug launches a dart at you.
The slug dart hits you but does no damage.
The dart slug launches a dart at you.
The slug dart hits you but does no damage.
You enter the shallow water.
Moving in this stuff is going to be slow.
The dart slug splashes around in the water.
The electric eel shoots out a bolt of lightning at you!
The bolt of electricity hits you. You resist.
Your unstable footing causes you to fumble your attack.
The electric eel shoots out a bolt of lightning at you!
The bolt of electricity hits you. You resist.
You hit the dart slug.
The dart slug is moderately wounded.
The dart slug bites you.
The electric eel shoots out a bolt of lightning at you!
The bolt of electricity hits you. You resist.
Your unstable footing causes you to fumble your attack.
The dart slug launches a dart at you. The slug dart hits you.
The electric eel shoots out a bolt of lightning at you!
The bolt of electricity hits you. You resist.
You hit the dart slug but do no damage.
The dart slug is moderately wounded.
The dart slug launches a dart at you. The slug dart misses you.
The electric eel shoots out a bolt of lightning at you!
The bolt of electricity hits you. You resist.
The dart slug splashes around in the water.
Your unstable footing causes you to fumble your attack.
The electric eel shoots out a bolt of lightning at you!
The bolt of electricity hits you. You resist.
The electric eel shoots out a bolt of lightning at you!
The bolt of electricity hits you. You resist.
The electric eel shoots out a bolt of lightning at you!
The bolt of electricity hits you. You resist.
* * * LOW HITPOINT WARNING * * *
You see here a ring of poison resistance.
p - a ring of poison resistance The dart slug barely misses you.
A dart slug comes into view.
There is a stone staircase leading up here.
The dart slug launches a dart at you. The slug dart misses you.
You climb upwards.
There is a stone staircase leading down here.
You are too injured to fight recklessly!
You are too injured to fight recklessly!
You are too injured to fight recklessly!
You are too injured to fight recklessly!
You hit the dart slug.
The dart slug is heavily wounded.
You hit the dart slug.
The dart slug is almost dead.
The dart slug launches a dart at you. The slug dart hits you.
* * * LOW HITPOINT WARNING * * *
You hit the dart slug.
You kill the dart slug!
You drop a ring of poison resistance.
There is a stone staircase leading down here.
You climb downwards.
There is a stone staircase leading up here.
The electric eel shoots out a bolt of lightning at you!
The bolt of electricity hits you. You resist.
* * * LOW HITPOINT WARNING * * *
You hit the electric eel.
The electric eel is heavily wounded.
The dart slug launches a dart at you. The slug dart hits you.
* * * LOW HITPOINT WARNING * * *
The dart slug launches a dart at you. The slug dart misses you.
You hit the electric eel.
The electric eel is severely wounded.
You closely miss the electric eel.
The electric eel is severely wounded.
You hit the electric eel but do no damage.
The electric eel is severely wounded.
The electric eel shoots out a bolt of lightning at you!
The bolt of electricity hits you. You resist.
* * * LOW HITPOINT WARNING * * *
You hit the electric eel.
The electric eel is almost dead.
You hit the electric eel.
You kill the electric eel!
You hear a splash.
You enter the shallow water.
Moving in this stuff is going to be slow.
Found a scroll labelled EDWEWK NUBIQU.
The dart slug launches a dart at you. The slug dart misses you.
The dart slug launches a dart at you. The slug dart hits you.
* * * LOW HITPOINT WARNING * * *
You hit the dart slug.
The dart slug is lightly wounded.
The dart slug closely misses you.
Your unstable footing causes you to fumble your attack.
The dart slug bites you but does no damage.
Your unstable footing causes you to fumble your attack.
The dart slug barely misses you.
You slash the dart slug!
The dart slug is almost dead.
Your unstable footing causes you to fumble your attack.
The dart slug launches a dart at you.
The slug dart hits you but does no damage.
You hit the dart slug.
You kill the dart slug!
Your Axes skill increases to level 6!
The dart slug launches a dart at you.
The slug dart hits you but does no damage.
The dart slug launches a dart at you.
The slug dart hits you but does no damage.
You enter the shallow water.
Moving in this stuff is going to be slow.
The dart slug launches a dart at you. The slug dart hits you.
* * * LOW HITPOINT WARNING * * *
You see here a scroll labelled QUWAIK YTHALE.
g - 3 scrolls labelled QUWAIK YTHALE (gained 1)
The dart slug launches a dart at you.
The slug dart hits you but does no damage.
You see here 17 gold pieces.
You now have 143 gold pieces (gained 17).
The dart slug briefly extends its eye-stalks.
The dart slug launches a dart at you.
The slug dart hits you but does no damage.
There is a stone staircase leading up here.
i - 26 stones (gained 3)
There are no items here.
p - a smoky green potion
There are no items here.
You now have 156 gold pieces (gained 13).
You enter the shallow water.
Moving in this stuff is going to be slow.
Why would you want to do that? Why would you want to do that?
Why would you want to do that? The dart slug launches a dart at you.
The slug dart misses you. The dart slug launches a dart at you.
The slug dart hits you but does no damage.
You hit the dart slug.
The dart slug is heavily wounded.
The dart slug bites you but does no damage.
You hit the dart slug.
You kill the dart slug!
No target in view!
No target in view!
Found 9 gold pieces.
You now have enough gold to buy an embroidered cloak on D:5.
You can access your shopping list by pressing '$'.
You now have 165 gold pieces (gained 9).
An orc comes into view. It is wielding a +0 falchion.
Found a spear.
The orc shouts!
An orc comes into view. It is wielding a +0 whip.
The orc shouts!
An orc comes into view. It is wielding a +0 flail.
The orc shouts!
You hit the orc.
The orc is heavily wounded.
The orc closely misses you.
You hit the orc.
The orc is severely wounded.
The orc barely misses you.
You barely miss the orc.
The orc is severely wounded.
The orc barely misses you.
You slash the orc!
You kill the orc!
You barely miss the orc. The orc barely misses you.
You hit the orc.
The orc is heavily wounded.
The orc hits you but does no damage.
You hit the orc.
You kill the orc!
You hit the orc but do no damage. The orc hits you with a +0 whip.
You hit the orc.
The orc is lightly wounded.
The orc hits you but does no damage.
You hit the orc but do no damage.
The orc is lightly wounded.
The orc hits you but does no damage.
You hit the orc.
The orc is heavily wounded.
The orc hits you but does no damage.
You hit the orc but do no damage.
The orc is heavily wounded.
The orc barely misses you.
You hit the orc.
You kill the orc!
No target in view!
Items here: ))) [[ †.
Okay, then.
Found a chain mail.
Found a scroll labelled MIPREZ WOMUSCH.
You see here a +0 chain mail.
You start removing your armour.
You continue taking off your +0 scale mail. x4
You finish taking off your +0 scale mail.
You start putting on your armour.
You continue putting on your +0 chain mail. x4
HP restored.
You continue putting on your +0 chain mail.
You finish putting on your +0 chain mail.
r - a scroll labelled MIPREZ WOMUSCH You open the door.
There is an open door here.
HP restored.
Found a scroll labelled BUWKAQ MERAHA.
An adder comes into view.
The adder barely misses you.
You hit the adder.
The adder is moderately wounded.
The adder barely misses you. The adder bites you but does no damage.
You barely miss the adder.
The adder is moderately wounded.
The adder bites you.
You slash the adder!
You kill the adder!
No target in view!
No target in view!
You open the door.
There is an open door here.
s - a scroll labelled BUWKAQ MERAHA As you open the door, it creaks loudly!
There is an open door here.
You open the door.
Found 8 gold pieces.
Found a stone staircase leading up.
There is an open door here.
You now have 173 gold pieces (gained 8).
There is a stone staircase leading up here.
You climb upwards.
The ogre shouts!
The iguana hisses angrily.
A scorpion comes into view.
Found 5 stones.
There is a stone staircase leading down here.
The ogre hits you with a +0 giant spiked club!!
Ouch! That really hurt!
* * * LOW HITPOINT WARNING * * *
You climb downwards.
There is a stone staircase leading up here.
Okay, then.
You aren't carrying any items that you can evoke.
You are too injured to fight recklessly!
Cleave: a) +0 hand axe
Press: ? - help, Dir - move target, f - ogre
Aim: an ogre, wielding a +0 giant spiked club (haloed, about 6% to evade your +0 hand axe)
You hit the ogre.
The ogre is lightly wounded.
The ogre hits you with a +0 giant spiked club.
* * * LOW HITPOINT WARNING * * *
Cleave: a) +0 hand axe
Press: ? - help, Dir - move target, f/p - ogre
Aim: an ogre, wielding a +0 giant spiked club (lightly wounded, haloed, about 6% to evade your +0 hand axe)
You hit the ogre.
The ogre is lightly wounded.
Cleave: a) +0 hand axe
Press: ? - help, Dir - move target, f/p - ogre
Aim: an ogre, wielding a +0 giant spiked club (lightly wounded, haloed, about 6% to evade your +0 hand axe)
You hit the ogre.
The ogre is moderately wounded.
The ogre hits you with a +0 giant spiked club.
* * * LOW HITPOINT WARNING * * *
Cleave: a) +0 hand axe
Press: ? - help, Dir - move target, f/p - ogre
Aim: an ogre, wielding a +0 giant spiked club (moderately wounded, haloed, about 6% to evade your +0 hand axe)
You hit the ogre.
The ogre is heavily wounded.
The ogre hits you with a +0 giant spiked club!
* * * LOW HITPOINT WARNING * * *
You are confused.
You feel invigorated.
You barely miss the ogre.
The ogre is heavily wounded.
The ogre barely misses you.
You're too confused to move!
The ogre hits you with a +0 giant spiked club!!
You die...

#.# #.# #.# #.# ###
#.# ..#####
#.######## ##.....##
#.#......# #..#~~.~##
#.#.####.#.
##.~≈~#≈≈≈ #.#..O@#
#.. #≈~~~~~~≈≈
#.#...##
..##≈≈≈≈...~≈ #.'...+
#.≈≈≈≈#..~.~ ###...#
##.#≈~≈≈≈~~.≈~~
#........~≈≈≈≈#≈~.~≈≈
#....##.#~≈~~~~~...≈≈
#....##...≈~~≈≈~.<.~~
#....####~≈~≈≈≈≈...~~
#....# #~~≈≈≈≈~~.~~≈


You could see an ogre.

Vanquished Creatures
  Grinder (D:3)
  An ice beast (D:5)
  A black bear (D:4)
  A scorpion (D:4)
  A howler monkey (D:4)
  2 electric eels (D:6)
  2 hounds (D:4)
  A jelly (D:5)
  An iguana (D:4)
  4 adders
  6 gnolls
  A shadow imp (D:5)
  7 dart slugs
  7 ribbon worms
  3 orcs (D:6)
  2 ball pythons
  2 bats (D:2)
  3 endoplasms
  2 giant cockroaches (D:4)
  3 goblins
  3 hobgoblins
  7 jackals
  3 kobolds
  2 quokkas (D:2)
  A rat (D:3)
67 creatures vanquished.

Notes
Turn   | Place    | Note
-------+----------+-------------------------------------------
     0 | D:1      | jagoly the Gargoyle Monk began the quest for the Orb.
     0 | D:1      | Reached XP level 1. HP: 14/14 MP: 1/1
   165 | D:2      | Reached skill level 3 in Axes
   165 | D:2      | Reached XP level 2. HP: 6/19 MP: 2/2
   171 | D:2      | Reached skill level 1 in Armour
   171 | D:2      | Reached XP level 3. HP: 3/23 MP: 3/3
   320 | D:3      | Found a faded altar of an unknown god.
   378 | D:3      | Noticed Grinder
   414 | D:3      | Paralysed by Grinder for 5 turns
   441 | D:3      | Paralysed by Grinder for 4 turns
   447 | D:3      | HP: 1/24 [Grinder (3)]
   449 | D:3      | Killed Grinder
   450 | D:3      | Reached skill level 4 in Axes
   450 | D:3      | Reached XP level 4. HP: 3/30 MP: 4/4
   450 | D:3      | Reached XP level 5. HP: 3/34 MP: 5/5
   450 | D:3      | Reached XP level 6. HP: 3/39 MP: 6/6
   875 | D:5      | Entered Level 5 of the Dungeon
   875 | D:5      | Noticed an ice beast
   954 | D:4      | Noticed a black bear
   969 | D:4      | Killed a black bear
   970 | D:4      | Reached skill level 5 in Axes
   970 | D:4      | Reached XP level 7. HP: 28/44 MP: 7/7
   977 | D:4      | Found a broken altar of Ashenzari.
  1075 | D:4      | Reached skill level 5 in Fighting
  1137 | D:3      | Found a shimmering blue altar of Sif Muna.
  1371 | D:4      | Found a staircase to the Ecumenical Temple.
  1386 | Temple   | Found a transporter.
  1386 | Temple   | Found a transporter.
  1386 | Temple   | Found a transporter.
  1386 | Temple   | Found a transporter.
  1386 | Temple   | Entered the Ecumenical Temple
  1404 | Temple   | Became a worshipper of the Shining One
  1404 | Temple   | Reached * piety under the Shining One
  1404 | Temple   | Reached ** piety under the Shining One
  1484 | D:4      | Found Hops's Weapon Shoppe.
  1740 | D:5      | Found Elussese's Antique Armour Emporium.
  1878 | D:6      | Reached skill level 6 in Axes
  2044 | D:6      | Slain by an ogre

Illustrated notes

Levels and vault maps discovered:
D:1:      dpeg_arrival_pits, layout_loops_corners, serial_forest,
          infiniplex_forest_lined_3_way, infiniplex_forest_diagonal,
          infiniplex_forest_straight_4, infiniplex_forest_straight_2,
          infiniplex_forest_fountain, infiniplex_forest_lined_room_2,
          infiniplex_forest_zigzag_1, st_stairs_5
D:2:      layout_basic
D:3:      layout_loops_ring, nicolae_elyvilon_peaceful_grove,
          nicolae_overflow_squiral, shapermc_ecumenical_altar_mp_ritualfount,
          nicolae_wormholes, uniq_grinder
D:4:      layout_loops_corners, nicolae_ashenzari_panopticon,
          minmay_temple_entry_grid, serial_shops, shop
D:5:      layout_cave_pods, serial_shops, shop, pf_guarded_unrand_delatra
D:6:      kennysheep_slugbush, layout_basic, uniq_prince_ribbit1
Temple:   hellmonk_temple_divided_pantheon

Skill      XL: |  1  2  3  4  5  6  7 |
---------------+----------------------+-----
Axes           | 3 4 5 6 |  6.0
Armour         | 1 2 3 4 |  4.3
Fighting       | 4 5 |  5.7
Dodging        | 3 |  3.0

Action                     |  1- 3 |  4- 6 |  7- 9 || total
---------------------------+-------+-------+-------++-------
  Melee: Hand axe          |    95 |    99 |   154 ||   348
  Throw: Stone             |     5 |     1 |       ||     6
    Use: Potion            |       |       |     1 ||     1
 Armour: Robe              |    56 |    30 |       ||    86
         Scale mail        |       |    33 |   105 ||   138
         Chain mail        |       |       |     7 ||     7
  Dodge: Dodged            |    75 |    68 |    70 ||   213
